 Dungeon Crawl Stone Soup version 0.20-a0-1116-gaa52201 (webtiles) character file.

688 APTSONFLEEK the Cudgeler (level 7, -3/56 HPs)
             Began as a Mummy Monk on May 7, 2017.
             Slain by an ogre
             ... wielding a +0 giant spiked club
              (26 damage)
             ... on level 4 of the Dungeon.
             The game lasted 00:13:33 (6102 turns).

APTSONFLEEK the Cudgeler (Mummy Monk)               Turns: 6102, Time: 00:13:34

Health: -3/56      AC:  5    Str: 14    XL:     7   Next: 36%
Magic:  7/7        EV: 13    Int:  9    God:
Gold:   30         SH:  0    Dex: 17    Spells: 6/6 levels left

rFire    . . .     SeeInvis +   i - +0 flail
rCold    + + .     Gourm    .   (no shield)
rNeg     + + +     Faith    .   d - +2 robe {rC+ rF+}
rPois    ∞         Spirit   .   (no helmet)
rElec    .         Reflect  .   (no cloak)
rCorr    .         Harm     .   (no gloves)
MR       .....                  (no boots)
Stlth    ++........             a - amulet of magic regeneration
Regen    0.2/turn               f - +1 ring of protection
MPRegen  0.2/turn               e - ring of see invisible

@: no status effects
A: no food or potions, fire vulnerability, cold resistance 1, negative energy
resistance 3, torment resistance, unbreathing
a: no special abilities


You were on level 4 of the Dungeon.
You were not hungry.

You visited 1 branch of the dungeon, and saw 4 of its levels.

You collected 262 gold pieces.
You spent 232 gold pieces at shops.

Inventory:

Hand Weapons
 i - a +0 flail (weapon)
Armour
 d - a +2 robe of resistance (worn)
 o - a +1 ring mail of cold resistance
Jewellery
 a - an amulet of magic regeneration (around neck)
 e - a ring of see invisible (right hand)
 f - a +1 ring of protection (left hand)
Wands
 m - a wand of digging (15/24)
Scrolls
 b - 5 scrolls of remove curse
 c - a scroll of fear
 g - a scroll of blinking {unknown}
 h - a scroll of enchant armour
 j - 3 scrolls of teleportation
 k - a scroll of amnesia
 l - 2 scrolls of immolation {unknown}
 n - a scroll of enchant weapon {unknown}


   Skills:
 + Level 5.4 Fighting
 * Level 6.1 Maces & Flails
 - Level 2.4 Dodging
 - Level 1.5 Stealth


You had 6 spell levels left.
You didn't know any spells.

Dungeon Overview and Level Annotations

Branches:
Dungeon (4/15)
 Temple: D:4-7

Altars:
Fedhas
Uskayaw
Zin

Shops:
D:4 :*

Annotations:
D:3 exclusion: downstairs, Trashman's ghost, amateur TrWz
D:4 Gryphonrising's ghost, amateur DDFi


Innate Abilities, Weirdness & Mutations

You do not eat or drink.
Your flesh is vulnerable to fire.
You are immune to poison.
Your flesh is cold resistant. (rC+)
You are immune to negative energy. (rN+++)
You are immune to unholy pain and torment.
You can survive without breathing.


Message History

The ogre is severely wounded.
You hit the ogre but do no damage.
The ogre is severely wounded.
The ogre hits you with a giant spiked club!!
Ouch! That really hurt!
You are too injured to fight recklessly!
You are too injured to fight recklessly!
You are too injured to fight recklessly!
You are too injured to fight recklessly!
You are too injured to fight recklessly!
You are too injured to fight recklessly!
You are too injured to fight recklessly!
You are too injured to fight recklessly!
You are too injured to fight recklessly!
You are too injured to fight recklessly!
You are too injured to fight recklessly!
You hit the ogre.
The ogre is almost dead.
The ogre hits you with a giant spiked club!!
You die...

............#####...# #......
...........)........# #......
.........##.........# #......
.......!.##.........#######......
.........#......#...............#
.........#......#...............#
.........#......#...............#
.........#......#................
.........'.....O@................
......%..#......#...#######.....<
.........#......#.........#......
.........#########........#....#.
.........# #........##'#.#.
.........# #........##.#...
.........# #........## #...
.........# ########## ....
.........# #####


You could see an ogre.

Vanquished Creatures
  Sigmund (D:3)
  Menkaure (D:4)
  An ogre (D:4)
  A howler monkey (D:4)
  2 orc priests (D:3)
  Ijyb (D:4)
  A worker ant (D:3)
  A gnoll (D:1)
  5 adders
  2 oozes (D:3)
  A worm (D:2)
  3 dart slugs
  5 leopard geckos
  12 orcs
  2 ball pythons (D:3)
  3 giant cockroaches
  7 goblins
  8 hobgoblins
  12 jackals
  5 kobolds
  6 quokkas
  5 bats
  3 frilled lizards (D:1)
  7 rats
95 creatures vanquished.

Notes
Turn   | Place    | Note
-------+----------+-------------------------------------------
     0 | D:1      | APTSONFLEEK the Mummy Monk began the quest for the Orb.
     0 | D:1      | Reached XP level 1. HP: 18/18 MP: 1/1
   159 | D:2      | Found a glowing silver altar of Zin.
   159 | D:2      | Found a hide-covered altar of Uskayaw.
   550 | D:2      | Reached XP level 2. HP: 23/24 MP: 2/2
  1162 | D:3      | Noticed Trashman's ghost (amateur TrWz)
  1287 | D:3      | Reached skill level 3 in Maces & Flails
  1292 | D:3      | Reached XP level 3. HP: 16/29 MP: 3/3
  1854 | D:3      | Reached XP level 4. HP: 24/37 MP: 4/4
  2247 | D:3      | Reached skill level 4 in Maces & Flails
  2345 | D:3      | Reached XP level 5. HP: 41/42 MP: 5/5
  2368 | D:3      | Noticed Sigmund
  4122 | D:4      | Noticed an ogre
  4128 | D:4      | Noticed Ijyb
  4427 | D:4      | Noticed Gryphonrising's ghost (amateur DDFi)
  4785 | D:3      | Killed Sigmund
  4785 | D:3      | Reached skill level 5 in Maces & Flails
  4785 | D:3      | Reached XP level 6. HP: 28/50 MP: 6/6
  5180 | D:4      | Reached skill level 5 in Fighting
  5233 | D:4      | Noticed Menkaure
  5245 | D:4      | Killed Menkaure
  5245 | D:4      | Reached XP level 7. HP: 14/56 MP: 7/7
  5248 | D:4      | Reached skill level 6 in Maces & Flails
  5520 | D:4      | Killed Ijyb
  5651 | D:4      | Found Gaofer's Book Emporium.
  5653 | D:4      | Found a blossoming altar of Fedhas.
  5677 | D:4      | Found Onaiguoh's Assorted Antiques.
  5680 | D:4      | Bought a dented jade amulet for 145 gold pieces
  5680 | D:4      | Bought a scroll labeled UNTUDW LYLOX for 29 gold pieces
  5680 | D:4      | Bought a scroll of identify for 58 gold pieces
  6102 | D:4      | Slain by an ogre

Vault maps used:
D:1:      onia_arrival_mini_spirals, hangedman_decor_clover_reticule
D:2:      chequers_temple_overflow_statue_of_worship, first_bread,
          serial_forest, infiniplex_forest_clump_C, infiniplex_forest_lined_3,
          infiniplex_forest_clump_small, infiniplex_forest_join,
          infiniplex_forest_lined_ring, infiniplex_forest_straight_3,
          infiniplex_forest_straight_4
D:3:      hangedman_decor_growths, uniq_sigmund
D:4:      minmay_door_path, serial_shops, kennysheep_mini_moat, shop,
          fedhas_altar_2, uniq_ijyb, uniq_menkaure

Skill      XL: |  1  2  3  4  5  6  7 |
---------------+----------------------+-----
Maces & Flails | 3 4 5 6 |  6.1
Fighting       | 4 5 |  5.4
Dodging        | |  2.4
Stealth        | |  1.5

Action                   |  1- 3 |  4- 6 |  7- 9 || total
-------------------------+-------+-------+-------++-------
Melee: Mace              |   125 |    65 |       ||   190
       Flail             |       |   190 |    38 ||   228
Throw: Tomahawk          |       |     1 |       ||     1
  Use: Scroll            |     3 |     4 |     1 ||     8
 Stab: Sleeping          |       |     2 |       ||     2
       Distracted        |       |       |     1 ||     1
Armor: Ring mail         |    42 |    90 |       ||   132
       Robe              |     2 |    11 |     2 ||    15
Dodge: Dodged            |    82 |   167 |    21 ||   270
